AoeStats
← Michi3052

Arabia

509138505Analyzed
1v1 RM · 7d ago on Sep 25, 2026· 54m 31s· 2 players
Game mode
Random Map
Map size
Tiny (2 player)
Population
200
Speed
Normal
Resources
Standard
Victory
Conquest
Starting age
Dark Age
Ending age
Imperial Age
RankedLock teamsTeams togetherTeam positionsShared explorationLock speedFull tech treeHidden civsTurbo modeCheats
Victory
Defeat
🇪🇸 Inca · Spain
725
+16
🇺🇸 Bohemians · United States
720
-16
mt_dune
10:42 Feudal Age
8:58 Loom
11:30 Horse Collar
12:57 Double-Bit Axe
21:10 Forging
28:29 Castle Age
53:41 Iron Casting
53:12 Scale Barding Armor
53:02 Fletching
Michi3052
2:59 Loom
12:42 Feudal Age
14:18 Champi Runner
16:17 Scale Mail Armor
20:25 Castle Age
22:24 Champi Warrior
23:18 Double-Bit Axe
23:15 Horse Collar
23:28 Gold Mining
26:10 Pikeman
31:31 Crossbowman
32:16 Squires
32:30 Forging
32:11 Fletching
46:12 Imperial Age
46:27 Bodkin Arrow
46:35 Padded Archer Armor
50:05 Gold Shaft Mining
Connection lost

Rejoining the realm…

Still unreachable

The connection could not be restored.

Session expired

The server has moved on; the page needs a fresh start.